 Dungeon Crawl Stone Soup version 0.23-a0-8-gb809bb7 (webtiles) character file.

25 robertstho the Magician (level 2, 0/15 HPs)
             Began as a Deep Elf Wizard on Aug 1, 2018.
             Succumbed to an adder's poison
             ... on level 2 of the Dungeon.
             The game lasted 00:02:44 (843 turns).

robertstho the Magician (Deep Elf Wizard)            Turns: 843, Time: 00:02:44

Health: 0/15       AC:  2    Str:  4    XL:     2   Next: 86%
Magic:  8/10       EV: 13    Int: 22    God:
Gold:   78         SH:  0    Dex: 13    Spells: 11/12 levels left

rFire    . . .     SeeInvis .   g - +0 hand axe (curse)
rCold    . . .     Gourm    .   (no shield)
rNeg     . . .     Faith    .   a - +0 robe
rPois    .         Spirit   .   b - +0 hat
rElec    .         Reflect  .   (no cloak)
rCorr    .         Harm     .   (no gloves)
MR       .....                  (no boots)
Stlth    ++........             (no amulet)
HPRegen  0.05/turn              (no ring)
MPRegen  0.12/turn              (no ring)

@: lethally poisoned (0 -> -17), very slightly contaminated, hasted, invisible,
very quick
A: no striking features
a: no special abilities


You were on level 2 of the Dungeon.
You were not hungry.

You visited 1 branch of the dungeon, and saw 2 of its levels.

You collected 78 gold pieces.

Inventory:

Hand Weapons
 g - a cursed +0 hand axe (weapon)
 i - a +0 mace of crushing
 l - a +0 hunting sling
Missiles
 c - 16 arrows
 j - 15 bolts
 k - 22 stones (quivered)
Armour
 a - a +0 robe (worn)
 b - a +0 hat (worn)
Scrolls
 h - a scroll of magic mapping {unknown}
 n - a scroll of identify {unknown}
 o - a scroll of blinking {unknown}
Potions
 e - a potion of invisibility
 m - a potion of haste
Comestibles
 d - 3 rations


   Skills:
 + Level 2.5 Dodging
 - Level 2.4 Stealth
 * Level 5.7 Spellcasting
 + Level 1.1 Conjurations
   Level 1.1 Summonings
   Level 1.1 Translocations


You had 11 spell levels left.
You knew the following spells:

 Your Spells              Type           Power        Failure   Level  Hunger
a - Magic Dart            Conj           ##..         6%          1    None

Your spell library contained the following spells:

 Spells                   Type           Power        Failure   Level  Hunger
 Conjure Flame            Conj/Fire      #.......     22%         3    ##.....
 Slow                     Hex            #.......     14%         2    None
 Mephitic Cloud           Conj/Pois/Air  #.......     24%         3    ##.....
 Blink                    Tloc           N/A          9%          2    None
 Call Imp                 Summ           ##......     9%          2    None


Dungeon Overview and Level Annotations

Branches:
Dungeon (2/15)

Altars:


Message History

The magic dart hits the adder.
The adder is almost dead.
* * * LOW HITPOINT WARNING * * *
You feel sick. The adder barely misses you.
Casting: Magic Dart (safe; 6% risk of failure)
Confirm with . or Enter, or press ? or * to list all spells.
Aiming: Magic Dart (safe; 6% risk of failure)
Press: ? - help, Shift-Dir - straight line, f/p - adder
Aim: an adder (almost dead)
The magic dart hits the adder.
You kill the adder!
* * * LOW HITPOINT WARNING * * *
You feel sick.
It was a potion of invisibility.
You fade into invisibility!
* * * LOW HITPOINT WARNING * * *
You feel sick.
You are very lightly contaminated with residual magic.
It was a potion of haste.
You feel yourself speed up.
You die...

#.# ##.##
#####...###
......#...#
#####...###
#..## #.##
#.# #@# #(#
#.# #.# #.#
... #.. #.#


There were no monsters in sight!

Vanquished Creatures
  An adder (D:2)
  A ball python (D:1)
  2 goblins (D:1)
  2 hobgoblins (D:1)
  2 jackals (D:1)
  2 kobolds (D:1)
  A bat (D:1)
  2 frilled lizards (D:1)
  2 rats (D:1)
15 creatures vanquished.

Notes
Turn   | Place    | Note
-------+----------+-------------------------------------------
     0 | D:1      | robertstho the Deep Elf Wizard began the quest for the Orb.
     0 | D:1      | Reached XP level 1. HP: 10/10 MP: 7/7
   128 | D:1      | Reached skill level 5 in Spellcasting
   135 | D:1      | Reached XP level 2. HP: 7/15 MP: 3/10
   843 | D:2      | Succumbed to an adder's poison

Vault maps used:
D:1:      enne_arrival_octagon_isle
D:2:      minmay_diamond_boxcup, lemuel_zombie_altar_kikubaaqudgha, uniq_terence

Skill      XL: |  1 |
---------------+----+-----
Spellcasting   | 5 |  5.7
Dodging        | |  2.5
Stealth        | |  2.4
Conjurations   | |  1.1
Summonings     | |  1.1
Translocations | |  1.1

Action                   || total
-------------------------++-------
Melee: Hand axe          ||    15
 Cast: Magic Dart        ||    26
  Use: Potion            ||     2
Armor: Robe              ||     4
Dodge: Dodged            ||    13

Table legend:
 A = Spawn XP
 B = Non-spawn XP
 C = Spawn XP percentage of total XP
 D = Spawn monster count
 E = Non-spawn monster count
 F = Spawn count percentage of total count
 G = Total turns spent on level
                    A         B        C        D         E        F      G
               +---------+---------+-------+---------+---------+-------+---------
         Total |       0 |      37 |   0.0 |       0 |      15 |   0.0 |   843
               +---------+---------+-------+---------+---------+-------+---------
           D:1 |       0 |      23 |   0.0 |       0 |      14 |   0.0 |   798
           D:2 |       0 |      14 |   0.0 |       0 |       1 |   0.0 |    45
               +---------+---------+-------+---------+---------+-------+---------
